 Dungeon Crawl Stone Soup version 0.30.0-11-gf55b779eaf (webtiles) character file.

Game seed: 1357413608027791329

321 garrulousMonolith the Digger (level 6, -3/36 HPs)
             Began as a Gargoyle Earth Elementalist on May 17, 2023.
             Slain by a yak (6 damage)
             ... on level 5 of the Dungeon.
             The game lasted 00:04:43 (3900 turns).

garrulousMonolith the Digger (GrEE)                 Turns: 3900, Time: 00:04:44

Health: -3/36      AC: 11    Str: 12    XL:     6   Next: 46%
Magic:  6/10       EV: 16    Int: 17    God:
Gold:   249        SH:  0    Dex: 10    Spells: 7/11 levels left

rFire   . . .        t - +1 trident (flame)
rCold   . . .        (no shield)
rNeg    + . .        j - +0 leather armour
rPois   ∞            y - +0 helmet
rElec   +            (no cloak)
rCorr   .            k - +0 pair of gloves
SInv    .            w - +1 pair of boots
Will    .....        (no amulet)
Stlth   ++           r - +5 ring of evasion
HPRegen 0.26/turn    (no ring)
MPRegen 0.12/turn

%: no passive effects
@: about to teleport
A: sickness immunity, AC +4, negative energy resistance 1, electricity
resistance, torment resistance 1, petrification resistance
a: no special abilities


You were on level 5 of the Dungeon.
You visited 1 branch of the dungeon, and saw 5 of its levels.

You collected 249 gold pieces.

Inventory:

Hand Weapons
 h - a +0 whip
 t - a +1 trident of flaming (weapon)
Missiles
 o - 6 poisoned darts
Armour
 j - a +0 leather armour (worn)
 k - a +0 pair of gloves (worn)
 w - a +1 pair of boots (worn)
 y - a +0 helmet (worn)
Jewellery
 r - a +5 ring of evasion (left hand)
Scrolls
 a - 3 scrolls of vulnerability
 c - a scroll of immolation {unknown}
 d - a scroll of summoning {unknown}
 f - 2 scrolls of amnesia
 i - a scroll of fog {unknown}
 n - a scroll of teleportation
 p - a scroll of enchant armour {unknown}
 s - a scroll of magic mapping {unknown}
 x - a scroll of fear {unknown}
 z - a scroll of identify
Potions
 b - 2 potions of magic
 e - a potion of flight
 g - 2 potions of brilliance
 l - a potion of might
 m - 3 potions of degeneration {unknown}
 q - a potion of cancellation {unknown}
 u - 2 potions of lignification {unknown}
 v - 2 potions of curing
 A - a potion of mutation {unknown}


   Skills:
 + Level 2.5 Fighting
 + Level 2.5 Dodging
 - Level 2.1 Stealth
 + Level 3.0 Spellcasting
 - Level 2.0 Transmutations
 * Level 5.8 Earth Magic


You had 7 spell levels left.
You knew the following spells:

 Your Spells              Type           Power      Damage    Failure   Level
a - Sandblast             Erth           44%        2d11      1%          1
b - Stone Arrow           Conj/Erth      24%        3d8       21%         3

Your spell library contained the following spells:

 Spells                   Type           Power      Damage    Failure   Level
 Passwall                 Tmut/Erth      12%        N/A       7%          2
 Magic Dart               Conj           8%         1d3       22%         1
 Call Imp                 Summ           4%         N/A       32%         2
 Petrify                  Tmut/Erth      15%        N/A       41%         4
 Mephitic Cloud           Conj/Pois/Air  2%         N/A       54%         3


Dungeon Overview and Level Annotations

Branches:
Dungeon (5/15)
 Temple: D:4-7

Altars:
Cheibriados
Dithmenos
Fedhas
Qazlal


Innate Abilities, Weirdness & Mutations

You are immune to sickness and miasma.
Your stone body is resilient. (AC +4)
You are immune to poison.
You resist negative energy. (rN+)
You are resistant to electric shocks. (rElec)
You are resistant to unholy torment.
You are immune to petrification.


Message History

Casting: Sandblast (safe; 1% risk of failure)
Confirm with . or Enter, or press ? or * to list all spells.
Aiming: Sandblast (safe; 1% risk of failure)
Press: ? - help, Shift-Dir - straight line, f/p - yak
Aim: a yak (moderately wounded, 90% to hit)
The blast of sand hits the yak.
The yak is heavily wounded.
The yak gores you. The yak gores you but does no damage.
Casting: Sandblast (safe; 1% risk of failure)
Confirm with . or Enter, or press ? or * to list all spells.
Aiming: Sandblast (safe; 1% risk of failure)
Press: ? - help, Shift-Dir - straight line, f/p - yak
Aim: a yak (heavily wounded, 90% to hit)
The blast of sand hits the yak!
The yak is severely wounded.
The yak attacks as you move away! The yak gores you.
Casting: Sandblast (safe; 1% risk of failure)
Confirm with . or Enter, or press ? or * to list all spells.
Aiming: Sandblast (safe; 1% risk of failure)
Press: ? - help, Shift-Dir - straight line, f/p - yak
Aim: a yak (severely wounded, 90% to hit)
The blast of sand hits the yak but does no damage.
The yak gores you!
The yak bellows!
You aren't carrying any items that you can evoke.
Okay, then.
You feel better. The yak attacks as you move away! The yak gores you.
The yak attacks as you move away! The yak gores you but does no damage.
The yak attacks as you move away! The yak gores you!
* * * LOW HITPOINT WARNING * * *
You feel better. The yak gores you!
* * * LOW HITPOINT WARNING * * *
The yak completely misses you.
As you read the scroll labelled REASCH QOVA, it crumbles to dust.
You feel strangely unstable.
It was a scroll of teleportation.
The yak gores you but does no damage. The yak closely misses you.
The yak attacks as you move away! The yak misses you.
The yak attacks as you move away! The yak gores you.
You die...

#.# #.# .....# #.#
.....# #.# ....# #.#
#...# #.# +...# #.#
#...# #.#
######...###)##########
.......@Y..............
#######.YY.........##
#............#
#............#
#............# ##
#............# ..
#............# .#
#............###.#
....###.(...###...#


You could see 3 yaks.

Vanquished Creatures
  An ogre (D:4)
  A howler monkey (D:4)
  A hound (D:4)
  Jessica (D:3)
  An orc wizard (D:3)
  4 adders
  3 worms
  2 dart slugs
  8 orcs (D:3)
  A bat (D:2)
  8 endoplasms
  5 giant cockroaches
  6 goblins
  3 hobgoblins
  3 quokkas
  3 ball pythons
  3 frilled lizards
  8 kobolds
  5 rats
67 creatures vanquished.

Notes
Turn   | Place    | Note
-------+----------+-------------------------------------------
     0 | D:1      | garrulousMonolith the Gargoyle Earth Elementalist began the
                  | quest for the Orb.
     0 | D:1      | Reached XP level 1. HP: 10/10 MP: 3/3
   330 | D:1      | Reached XP level 2. HP: 16/16 MP: 3/5
   334 | D:1      | Reached skill level 1 in Transmutations
   501 | D:1      | Reached skill level 4 in Earth Magic
  1326 | D:2      | Reached XP level 3. HP: 20/20 MP: 1/6
  1384 | D:2      | Learned a level 3 spell: Stone Arrow
  1502 | D:2      | Reached skill level 1 in Fighting
  2031 | D:3      | Reached XP level 4. HP: 25/25 MP: 5/7
  2489 | D:3      | Noticed Jessica
  2495 | D:3      | Killed Jessica
  2496 | D:3      | Reached XP level 5. HP: 30/30 MP: 3/8
  2584 | D:3      | Found a shadowy altar of Dithmenos.
  2596 | D:3      | Reached skill level 5 in Earth Magic
  2940 | D:4      | Found a snail-covered altar of Cheibriados.
  3141 | D:4      | Reached XP level 6. HP: 35/35 MP: 6/10
  3209 | D:4      | Found a blossoming altar of Fedhas.
  3760 | D:4      | Found a stormy altar of Qazlal.
  3814 | D:5      | Entered Level 5 of the Dungeon
  3871 | D:5      | Noticed a yak
  3871 | D:5      | Noticed a yak
  3877 | D:5      | Noticed a yak
  3900 | D:5      | Slain by a yak

Illustrated notes

Levels and vault maps discovered:
D:1:      lightli_arrival_lavapool, layout_basic, minmay_split_cup_small
D:2:      layout_loops_corners, minmay_circle_x
D:3:      layout_loops_cross, mainiacjoe_overflow_tiny_flanked, uniq_jessica
D:4:      layout_basic, mainiacjoe_overflow_surrounded_room, lemuel_round_altar,
          lemuel_coloured_pillars_altar
D:5:      layout_basic, uniq_menkaure, uniq_sigmund

Skill      XL: |  1  2  3  4  5  6 |
---------------+-------------------+-----
Transmutations | 1 2 |  2.0
Earth Magic    | 4 5 |  5.8
Fighting       | 1 2 |  2.5
Dodging        | 2 |  2.5
Spellcasting   | 3 |  3.0
Stealth        | |  2.1

Action                     |  1- 3 |  4- 6 || total
---------------------------+-------+-------++-------
  Melee: Unarmed           |     4 |       ||     4
         Punch             |     1 |       ||     1
         Whip              |     3 |       ||     3
         Trident           |       |     9 ||     9
   Cast: Sandblast         |    40 |    57 ||    97
    Use: Scroll            |     4 |     4 ||     8
         Potion            |       |     3 ||     3
 Armour: Robe              |     4 |    13 ||    17
         Leather armour    |       |    10 ||    10
  Dodge: Dodged            |    12 |    17 ||    29
